Map: Mech Depot LE

Players

Ascarecrow - Winner!

  • Race: Zerg Zerg
  • League: Master
  • Spawn Location: 7:00

TeCumGuzzler

  • Race: Terran Terran
  • League: Master
  • Spawn Location: 1:00

VOD

Have the link to the VOD?

Description

Time

  • Played on: Sept. 3, 2017, 7:15 a.m.
  • Length: 15:29
Show
View Real Time Build Order
Export as new Build Order

Ascarecrow Zerg - Winner!

Build Orders: Pool First 

Get SALT Encoding   

  12  0:01  Drone  
  13  0:12  Overlord  
  13  0:17  Drone  
  14  0:32  Drone x2  
  14  0:35  Drone  
  17  0:47  Spawning Pool  
  17  0:48  Drone  
  17  0:56  Drone  
  18  1:14  Hatchery, Extractor  
  16  1:18  Drone  
  16  1:19  Drone  
  18  1:34  Zergling x2  
  18  1:38  Queen  
  21  1:42  Overlord  
  21  1:49  Drone  
  22  2:09  Drone  
  22  2:14  Queen  
  25  2:20  Drone  
  26  2:23  Metabolic Boost  
  25  2:35  Drone  
  25  2:36  Queen, Drone x2  
  30  2:46  Hatchery  
  30  2:50  Drone  
  30  2:55  Drone x2  
  32  3:00  Pneumatized Carapace  
  32  3:10  Overlord  
  32  3:13  Drone x3  
  35  3:22  Overlord  
  35  3:29  Drone x5  
  40  3:35  Zergling x2  
  40  3:37  Zergling x2  
  40  3:40  Queen  
  44  3:47  Overlord  
  44  3:55  Zergling x6  
  45  3:57  Roach Warren  
  45  3:59  Drone  
  45  4:01  Extractor  
  46  4:02  Extractor  
  46  4:06  Drone x2  
  46  4:07  Drone  
  46  4:08  Drone x2  
  50  4:10  Drone  
  51  4:23  Queen  
  53  4:32  Overlord  
  53  4:36  Zergling x4, Roach  
  53  4:37  Roach x4  
  65  4:46  Evolution Chamber  
  60  4:54  Roach  
  60  4:55  Roach x4  
  67  5:02  Ravager  
  67  5:04  Roach x3  
  67  5:06  Zergling x2  
  65  5:22  Zergling x16  
  65  5:23  Zergling x2  
  69  5:34  Lair  
  67  5:36  Drone  
  67  5:37  Drone x3  
  71  5:43  Zerg Ground Armor Level 1  
  71  5:50  Drone  
  71  5:51  Drone x2  
  71  5:52  Overlord  
  74  6:09  Evolution Chamber, Queen  
  75  6:12  Drone x7  
  82  6:25  Overlord x3  
  82  6:29  Overlord  
  82  6:46  Zerg Melee Weapons Level 1  
  83  6:47  Drone x10  
  83  6:48  Drone x5  
  83  6:52  Extractor  
  83  6:53  Baneling Nest  
  95  7:06  Hatchery, Drone x3  
  95  7:08  Drone x2  
  99  7:13  Overlord x3, Extractor  
  99  7:15  Extractor  
  97  7:17  Glial Reconstitution  
  94  7:28  Drone  
  94  7:29  Drone x9  
  103  7:40  Zerg Ground Armor Level 2  
  103  7:42  Hatchery, Roach  
  104  7:46  Roach x2  
  104  7:47  Roach  
  110  8:02  Roach  
  110  8:03  Roach x7  
  126  8:10  Overlord x4  
  126  8:11  Overlord  
  126  8:14  Centrifical Hooks  
  126  8:18  Queen  
  128  8:33  Infestation Pit  
  127  8:35  Drone  
  127  8:36  Drone x10  
  138  8:43  Zergling x2  
  138  8:44  Zergling x8, Zerg Melee Weapons Level 2  
  143  8:48  Zergling x2  
  143  8:49  Zergling x6  
  147  8:56  Zergling x8, Extractor x2  
  149  9:05  Zergling x4  
  149  9:06  Zergling x6  
  154  9:10  Hive  
  154  9:15  Zergling x4  
  154  9:16  Zergling x10  
  161  9:25  Overlord  
  161  9:26  Overlord  
  161  9:29  Zergling x4  
  161  9:30  Zergling x14  
  166  9:46  Spire  
  166  9:49  Baneling  
  166  9:50  Baneling x7  
  165  9:53  Zergling x24  
  165  9:54  Zergling x2  
  165  9:56  Ravager x5  
  165  9:57  Ravager x7  
  165  9:59  Overlord x2  
  190  10:04  Burrow  
  186  10:32  Baneling  
  186  10:33  Baneling x14  
  186  10:39  Adrenal Glands, Zerg Ground Armor Level 3  
  186  10:40  Zergling x2, Infestation Pit  
  186  10:41  Zergling x28  
  154  11:04  Zergling x8  
  154  11:05  Zergling x32  
  154  11:11  Infestor x3  
  170  11:17  Infestor  
  178  11:24  Zerg Flyer Armor Level 1  
  178  11:25  Ultralisk Cavern, Zerg Melee Weapons Level 3  
  178  11:32  Zergling x16  
  185  11:38  Baneling x5  
  185  11:39  Baneling x10  
  185  11:44  Queen  
  187  11:58  Zergling x24  
  199  12:13  Hatchery  
  198  12:36  Chitinous Plating  
  181  12:52  Ultralisk  
  181  12:53  Ultralisk x3  
  184  13:03  Zergling x2  
  184  13:04  Zergling x36  
  151  13:27  Ultralisk x6  
  184  13:42  Ultralisk x2  
  188  14:02  Baneling x15  
  172  14:14  Ultralisk x2  
  172  14:15  Ultralisk  
  183  14:23  Corruptor x2  
  179  14:24  Corruptor  
  179  14:30  Corruptor  
  179  14:31  Corruptor  
  185  14:37  Corruptor x2  
  189  14:56  Corruptor x2  
  184  15:01  Zergling x20  
  184  15:02  Zergling x6  
Show
View Real Time Build Order
Export as new Build Order

TeCumGuzzler Terran 

Build Orders: Hellion Opening, Bio Tank 

Get SALT Encoding   

  12  0:00  SCV  
  13  0:13  SCV  
  14  0:17  Supply Depot  
  14  0:25  SCV  
  15  0:28  Refinery  
  15  0:39  SCV  
  16  0:45  Barracks  
  16  0:51  SCV  
  17  1:03  SCV  
  18  1:15  SCV  
  19  1:32  Orbital Command, Reaper  
  20  1:43  Command Center  
  20  1:55  Factory  
  20  1:58  SCV  
  21  2:06  Barracks Reactor  
  21  2:12  SCV  
  21  2:15  Supply Depot  
  22  2:21  Refinery  
  22  2:24  SCV  
  23  2:36  SCV  
  24  2:45  Factory  
  24  2:52  SCV  
  24  2:54  Hellion x2  
  24  2:55  Orbital Command  
  29  3:04  SCV, Barracks Reactor  
  30  3:16  Hellion x2, SCV  
  35  3:21  SCV  
  36  3:28  SCV, Supply Depot  
  37  3:34  SCV  
  37  3:39  Hellion  
  37  3:40  Hellion  
  42  3:47  Cyclone  
  45  3:49  Marine  
  45  3:50  Cyclone  
  49  3:57  Armory  
  49  4:07  Supply Depot  
  49  4:08  SCV  
  50  4:14  Cyclone  
  53  4:27  SCV  
  53  4:28  SCV, Cyclone  
  53  4:29  Hellion  
  53  4:31  Hellion, Supply Depot  
  62  4:52  SCV x2  
  65  4:53  Hellion  
  65  4:57  Hellion x2  
  69  5:04  SCV  
  70  5:18  SCV x2  
  66  5:27  Barracks Tech Lab, Command Center  
  54  5:30  SCV x2  
  54  5:32  Barracks  
  54  5:33  Barracks  
  49  5:35  Factory Tech Lab, Barracks  
  49  5:36  Refinery  
  49  5:41  Supply Depot  
  49  5:42  SCV x2, Supply Depot  
  51  5:50  Stimpack  
  51  5:54  SCV x2  
  53  5:57  Marine  
  53  6:02  Factory Tech Lab  
  54  6:06  SCV x2  
  54  6:08  Supply Depot  
  54  6:09  Engineering Bay x2  
  56  6:13  Refinery  
  56  6:14  Terran Vehicle Weapons Level 1  
  56  6:17  Siege Tank  
  59  6:18  SCV x2  
  61  6:29  Barracks Reactor  
  61  6:30  SCV x2  
  61  6:31  Barracks Reactor  
  63  6:35  Terran Infantry Weapons Level 1, Starport  
  63  6:36  Terran Infantry Armor Level 1  
  63  6:38  Orbital Command  
  63  6:42  SCV x2  
  63  6:46  Marine x2  
  63  6:47  Marine  
  68  6:55  SCV  
  68  6:57  Siege Tank  
  68  6:58  SCV  
  73  7:04  Marine x3, Siege Tank  
  73  7:07  SCV, Marine  
  73  7:08  Marine  
  82  7:13  SCV x2  
  82  7:14  Starport Reactor  
  84  7:22  Marine x2  
  86  7:28  Marine  
  86  7:29  Marine x3  
  84  7:33  Marine, Siege Tank  
  84  7:36  Siege Tank  
  91  7:40  Marine  
  91  7:43  Marine  
  91  7:44  Barracks, SCV  
  93  7:46  Marine x2  
  93  7:49  Barracks  
  93  7:50  Combat Shields  
  93  7:51  Barracks  
  96  7:52  Orbital Command  
  96  7:54  Medivac  
  98  8:08  Siege Tank  
  98  8:10  SCV x2  
  103  8:19  Supply Depot  
  103  8:20  Supply Depot x2  
  103  8:25  Refinery  
  103  8:26  Refinery, SCV x2  
  105  8:27  Medivac  
  105  8:28  Medivac  
  109  8:38  Terran Infantry Weapons Level 2  
  109  8:40  SCV x3  
  112  8:49  Terran Infantry Armor Level 2  
  112  8:52  SCV x3  
  115  9:00  Barracks Tech Lab x2  
  115  9:01  Medivac  
  117  9:04  SCV x3  
  117  9:07  Supply Depot  
  120  9:16  SCV x3  
  123  9:18  Command Center  
  123  9:20  Siege Tank x2  
  123  9:21  Marauder x2  
  133  9:24  Supply Depot  
  133  9:26  Supply Depot  
  133  9:27  Marine x5  
  133  9:28  Marauder, Supply Depot  
  140  9:34  Marine x3  
  143  9:41  Marine  
  143  9:46  Marauder, Marine x2, Medivac x2  
  143  9:47  SCV x2  
  143  9:50  Supply Depot, Concussive Shells  
  153  9:52  Supply Depot  
  153  10:08  Marine x3  
  153  10:09  Marauder x3, Marine x2, Command Center  
  164  10:16  Medivac  
  149  10:29  Marine x6  
  149  10:30  Marauder x2, Marine x2  
  149  10:31  Marauder  
  149  10:34  Supply Depot  
  149  10:35  Supply Depot  
  163  10:36  Supply Depot  
  163  10:47  Marine  
  119  11:04  Marine x2  
  119  11:05  Marauder x3, Marine x3, Siege Tank  
  119  11:06  Siege Tank  
  119  11:10  Terran Infantry Weapons Level 3  
  130  11:12  Orbital Command  
  130  11:20  Terran Infantry Armor Level 3  
  130  11:26  Marine x2  
  130  11:27  Marine x2  
  134  11:33  Planetary Fortress  
  134  11:38  Siege Tank x2  
  140  11:44  Refinery  
  140  11:48  Refinery  
  140  12:00  Marine  
  140  12:01  Marauder x3, Marine x6  
  147  12:02  SCV  
  154  12:09  Marine  
  154  12:10  Siege Tank, Medivac x2  
  162  12:18  Marine  
  162  12:20  Starport  
  167  12:22  Marauder  
  167  12:23  Marauder x2  
  167  12:24  Refinery  
  167  12:28  Refinery  
  169  12:31  Marine x6  
  169  12:32  Marine  
  169  12:36  Marine  
  183  12:44  Marauder x3  
  183  12:48  Marine  
  183  12:49  Marine  
  132  13:04  Marine x2  
  132  13:05  Marauder x2, Marine x3  
  135  13:06  Marauder, Siege Tank x2  
  115  13:27  Marauder x3, Marine x3  
  120  13:28  Marine  
  120  13:32  SCV x3  
  127  13:37  Marine x2  
  127  13:38  Marine x2, Siege Tank x2, Medivac x2  
  127  13:39  Starport Reactor  
  141  13:44  SCV x3  
  141  13:48  Marauder x3  
  150  13:58  Marine x2  
  150  13:59  Marine x2  
  154  14:09  Marauder  
  155  14:10  Marauder x2  
  148  14:20  Marine x5  
  148  14:23  Marine x3  
  156  14:31  Marauder x3  
  162  14:37  SCV x2, Marine  
  162  14:38  Marine x4  
  167  14:41  Marine  
  170  14:52  Marauder x3  
  153  15:04  Marine  
  153  15:05  Marine x2  
Tags
 
Add a new tag
Caveats
  • Supply blocks, unpowered buildings, or Contaminate may cause inaccurate times.
  • Supply counts are checked every 10 seconds.